Map: Central Protocol

Players

FireCake

  • Race: Zerg Zerg

Polt - Winner!

  • Race: Terran Terran

Event: 2016 WCS Winter Circuit Championship

VOD

https://www.youtube.com/watch?v=VQKSZfPEor4

Description

Time

  • Played on: March 4, 2016, 11:07 a.m.
  • Length: 18:34

All games in this series

Show
View Real Time Build Order
Export as new Build Order

FireCake Zerg 

Build Orders: Pool First 

Get SALT Encoding   

  12  0:00  Drone  
  13  0:08  Drone  
  14  0:16  Overlord  
  14  0:22  Drone, Extractor  
  15  0:34  Drone x2  
  17  0:44  Spawning Pool  
  17  0:47  Drone  
  17  0:56  Drone  
  18  1:11  Hatchery  
  18  1:12  Extractor  
  18  1:16  Drone  
  17  1:18  Drone  
  18  1:31  Queen  
  18  1:32  Zergling x2  
  21  1:40  Drone  
  22  1:47  Roach Warren  
  22  1:52  Overlord  
  21  2:10  Queen  
  23  2:26  Roach x4  
  30  2:32  Queen  
  32  2:38  Overlord  
  32  2:41  Drone  
  33  2:53  Drone x3  
  36  2:59  Drone x2  
  38  3:06  Drone  
  38  3:07  Drone x2  
  41  3:17  Roach  
  41  3:19  Overlord  
  43  3:21  Overlord  
  43  3:30  Drone  
  44  3:44  Roach x2  
  44  3:46  Roach  
  44  3:47  Drone  
  44  3:48  Drone x3  
  49  4:09  Drone x6  
  54  4:20  Drone x2  
  55  4:27  Hatchery  
  52  4:32  Drone  
  52  4:33  Drone x3  
  52  4:38  Extractor  
  55  4:39  Evolution Chamber  
  55  4:41  Evolution Chamber  
  55  4:42  Overlord  
  53  4:46  Drone x3  
  53  4:51  Drone  
  53  4:52  Drone x2  
  59  5:05  Extractor, Drone x4  
  62  5:14  Drone x2  
  63  5:15  Overlord  
  63  5:16  Overlord  
  63  5:20  Drone x2  
  66  5:21  Zerg Missile Weapons Level 1  
  66  5:25  Zerg Ground Armor Level 1  
  66  5:40  Drone, Lair  
  66  5:41  Drone x5  
  72  5:46  Overlord  
  72  5:47  Roach  
  72  5:48  Roach  
  76  5:50  Roach  
  76  5:55  Extractor  
  77  5:57  Overlord  
  77  5:59  Overlord  
  77  6:10  Roach  
  79  6:12  Hatchery  
  79  6:18  Roach x4  
  86  6:29  Overlord  
  86  6:31  Overlord  
  86  6:37  Drone x4  
  86  6:38  Glial Reconstitution  
  86  6:39  Overseer  
  90  6:48  Roach x6  
  102  7:03  Roach x3  
  102  7:07  Overlord  
  108  7:15  Overlord  
  108  7:18  Zerg Missile Weapons Level 2  
  108  7:20  Zerg Ground Armor Level 2  
  108  7:26  Roach x4  
  116  7:32  Roach x3  
  116  7:33  Overlord x2  
  122  7:48  Roach  
  122  7:49  Roach x5  
  115  7:59  Roach x4  
  119  8:08  Drone x7  
  119  8:09  Drone  
  127  8:13  Tunneling Claws  
  127  8:18  Overlord x2  
  127  8:22  Burrow  
  127  8:27  Extractor  
  127  8:30  Overlord x2  
  127  8:31  Roach x3  
  132  8:38  Roach x2  
  132  8:39  Roach  
  138  8:42  Roach  
  140  8:54  Roach x6  
  152  9:02  Roach x4  
  160  9:07  Overlord x2  
  160  9:10  Roach  
  162  9:19  Overlord x2  
  162  9:31  Roach x8  
  170  9:37  Roach x17  
  170  9:38  Roach x16  
  178  9:41  Roach  
  178  9:42  Roach x2  
  178  9:45  Spine Crawler, Overlord  
  183  9:47  Roach x2  
  183  9:52  Roach x22  
  187  9:54  Roach  
  187  9:55  Roach x3  
  187  9:59  Roach x4  
  193  10:05  Roach  
  193  10:06  Roach x2  
  193  10:16  Roach x7  
  193  10:30  Roach x3  
  193  10:35  Extractor, Spire  
  185  10:44  Hatchery  
  171  11:02  Roach x8  
  171  11:03  Roach x6  
  199  11:09  Overlord  
  199  11:14  Overlord  
  188  11:38  Roach x29  
  186  11:49  Hatchery  
  186  11:53  Mutalisk x2  
  175  12:10  Mutalisk x3  
  170  12:21  Mutalisk  
  144  12:28  Drone x2  
  104  12:40  Drone  
  104  12:41  Drone  
  104  12:49  Drone  
  106  13:05  Drone x2  
  106  13:06  Drone x2  
  108  13:20  Drone x4  
  112  13:32  Queen  
  112  13:33  Drone x3  
  113  13:44  Drone x3  
  113  13:45  Drone  
  117  14:13  Mutalisk x5  
  117  14:14  Mutalisk  
  126  14:21  Mutalisk x2  
  130  14:26  Extractor  
  129  14:43  Mutalisk x2  
  132  14:46  Mutalisk  
  132  15:04  Roach  
  132  15:05  Roach x5  
  142  15:17  Roach x2  
  132  15:58  Hatchery  
  129  16:32  Roach x4  
  137  16:35  Hatchery  
  136  16:41  Roach x4  
  136  16:42  Roach x3  
  136  16:50  Drone x3  
  117  17:14  Roach x2  
  121  17:28  Ravager x5  
  107  17:57  Roach x3  
  105  18:05  Roach  
  81  18:10  Roach x10  
  81  18:17  Drone x3  
Show
View Real Time Build Order
Export as new Build Order

Polt Terran - Winner!

Build Orders: MMM Bio 

Get SALT Encoding   

  12  0:01  SCV  
  13  0:13  SCV  
  14  0:17  Supply Depot  
  14  0:25  SCV  
  15  0:38  SCV  
  15  0:40  Barracks  
  16  0:43  Refinery  
  16  0:51  SCV  
  17  1:01  Barracks  
  17  1:03  SCV  
  18  1:17  Barracks  
  18  1:21  SCV  
  19  1:28  Reaper  
  19  1:32  Refinery  
  20  1:43  Orbital Command  
  20  1:48  Reaper  
  21  1:55  Supply Depot  
  21  2:00  Reaper  
  22  2:09  Reaper  
  23  2:17  SCV  
  23  2:20  Reaper  
  25  2:23  Supply Depot  
  25  2:32  Reaper, SCV  
  27  2:41  Reaper  
  28  2:44  SCV  
  29  2:56  SCV  
  30  3:00  Barracks Tech Lab  
  30  3:06  Command Center  
  30  3:08  SCV  
  30  3:09  Barracks Reactor  
  31  3:18  Barracks Reactor  
  31  3:20  SCV  
  31  3:25  Stimpack  
  32  3:30  Supply Depot  
  32  3:32  SCV  
  33  3:34  Marine  
  34  3:45  SCV  
  34  3:47  Marine x2  
  37  3:52  Marine  
  38  3:55  Marine x2  
  38  3:57  SCV  
  41  4:09  SCV  
  37  4:14  Marauder, Marine x4  
  43  4:18  Orbital Command  
  43  4:21  SCV  
  44  4:33  SCV  
  44  4:38  Engineering Bay x2, Marauder  
  47  4:40  Marine x2  
  47  4:45  Marine x2  
  49  4:47  SCV  
  49  4:49  SCV  
  53  4:59  SCV  
  54  5:01  SCV, Factory  
  54  5:05  Marauder  
  54  5:06  Marine x3  
  60  5:13  Supply Depot, SCV x2  
  62  5:18  Terran Infantry Weapons Level 1  
  62  5:20  Terran Infantry Armor Level 1  
  62  5:27  Combat Shields  
  62  5:31  Supply Depot  
  62  5:34  SCV x2  
  62  5:43  Supply Depot  
  62  5:45  Starport  
  62  5:46  SCV x2  
  62  5:47  Factory Reactor  
  64  5:52  Marauder, Marine x4  
  70  5:59  SCV x2  
  72  6:08  Refinery x2  
  72  6:12  Supply Depot  
  72  6:13  Marine x2  
  72  6:14  Marauder  
  72  6:15  Supply Depot, Marine x2  
  78  6:26  SCV  
  78  6:27  SCV  
  78  6:32  Medivac x2  
  84  6:34  Factory Tech Lab  
  84  6:36  Marine x5  
  89  6:47  Barracks x2  
  89  6:51  Concussive Shells  
  89  6:53  Marine x2  
  89  6:54  Marauder, Marine x2  
  95  7:02  Medivac x2  
  99  7:11  Supply Depot x2  
  99  7:13  Armory  
  99  7:14  Supply Depot  
  99  7:23  Marauder, Marine  
  102  7:32  Siege Tank, Marine x3  
  102  7:34  Barracks Reactor x2  
  102  7:35  Supply Depot x2  
  108  7:38  Medivac  
  108  7:41  Medivac  
  112  7:51  Marauder, Marine x4  
  110  8:08  Medivac  
  110  8:10  Siege Tank  
  110  8:11  Medivac, Marine x5  
  122  8:15  Marine x2  
  122  8:19  Marine x2  
  125  8:24  Terran Infantry Weapons Level 2  
  126  8:36  Supply Depot  
  126  8:38  Supply Depot  
  126  8:40  Terran Infantry Armor Level 2  
  125  8:51  Marine x2  
  125  8:52  Marine x7  
  125  8:55  Siege Tank  
  134  9:06  Liberator x2  
  134  9:09  Marine x6  
  136  9:10  Marine x3  
  147  9:32  Marine x9  
  147  9:37  Supply Depot x3  
  156  9:46  Supply Depot  
  156  9:56  Marine x2  
  156  9:58  Siege Tank, Marine x7  
  168  10:00  Missile Turret  
  168  10:12  Medivac x2  
  137  10:27  Marine x9  
  146  10:32  Liberator x2  
  146  10:39  Siege Tank  
  136  11:01  Marine x6  
  136  11:02  Marine  
  136  11:03  Marine x2  
  138  11:16  Siege Tank  
  141  11:44  Marine x4  
  141  11:45  Marine x5  
  150  11:53  Siege Tank, Medivac x2  
  140  12:12  Marine x8  
  140  12:13  Marine  
  117  12:30  Marine x6  
  117  12:44  Missile Turret  
  112  12:56  Orbital Command  
  104  13:02  Missile Turret  
  101  13:45  Missile Turret  
  99  13:50  Terran Infantry Weapons Level 3  
  99  13:52  Marine x4  
  99  13:53  Marine x5  
  107  14:17  Marine x7  
  107  14:20  Marine x2  
  114  14:40  Terran Infantry Armor Level 3  
  114  14:50  SCV x2  
  116  14:52  Marine x2  
  116  14:53  Marine x4  
  115  15:00  Marine x2  
  116  15:21  Liberator x2, Marine x6  
  119  15:48  Marine x9  
  125  16:03  SCV  
  125  16:05  Liberator x2, SCV  
  126  16:17  SCV  
  127  16:20  Marine x4  
  127  16:21  Marine x5  
  142  16:28  Refinery  
  142  16:29  SCV  
  143  16:44  Marine x4  
  147  16:49  Marine x3  
  148  17:09  Medivac  
  148  17:10  Medivac  
  148  17:12  Missile Turret  
  152  17:18  Marine x6  
  152  17:21  Marine  
  158  17:23  Marine  
  158  17:25  Marine  
  148  17:58  Marine x4  
  148  17:59  Medivac x2, Marine x5  
Tags
 
Add a new tag
Caveats
  • Supply blocks, unpowered buildings, or Contaminate may cause inaccurate times.
  • Supply counts are checked every 10 seconds.